 Dungeon Crawl Stone Soup version bcrawl-1.28.4 (webtiles) character file.

Game seed: 7048382093052848741

235697 Morbidden the Magician (level 7, -7/45 HPs)
             Began as a Fairy Wizard on Jan 4, 2021.
             Killed by divine providence
             ... invoked by an orc priest
              (12 damage)
             ... on level 4 of the Dungeon.
             The game lasted 00:05:58 (3857 turns).

Morbidden the Magician (Fairy Wizard)               Turns: 3857, Time: 00:05:59

Health: -7/45      AC:  2    Str:  5    XL:     7   Next: 93%
Magic:  19/19      EV: 24    Int: 29    God:
Gold:   394        SH:  5    Dex: 16    Spells: 14/20 levels left

rFire    . . .     SeeInvis .     - Fangs (venom) (4.7)
rCold    . . .     Gourm    .   (shield currently unavailable)
rNeg     + . .     Faith    .   (armour unavailable)
rPois    x         Spirit   .   (helmet currently unavailable)
rElec    .         Reflect  .   (cloak currently unavailable)
rCorr    .         Harm     .   (gloves currently unavailable)
MR       .....                  (boots currently unavailable)
Stlth    +.........             (no amulet)
HPRegen  0.15/turn              n - +6 ring of intelligence
MPRegen  0.16/turn              m - ring of positive energy (curse)

@: spider-form, flying evasively
A: tiny, magic attunement, unstealthy, unfitting armour, AC/SH +5
a: End Transformation


You were on level 4 of the Dungeon.
You were hungry.
You were a venomous arachnid creature.
You visited 1 branch of the dungeon, and saw 4 of its levels.

You collected 394 gold pieces.

Inventory:

Hand Weapons
 a - a +0 staff
 j - a +0 falchion of slicing (melded)
Missiles
 t - 42 poisoned tomahawks (quivered)
Armour
 b - a +0 hat (melded)
 c - a +0 pair of gloves (melded)
 g - a +0 pair of boots
Jewellery
 l - an uncursed ring of resist corrosion
 m - a cursed ring of positive energy (right front leg)
 n - a +6 ring of intelligence (left front leg)
 w - the ring "Wyder" {rN+ Str-5 Dex+4 Stlth--, unknown}
   (You found it on level 3 of the Dungeon)

   [ring of attention]

   It affects your strength (-5).
   It affects your dexterity (+4).
   It protects you from negative energy.
   It makes you much less stealthy.
Scrolls
 h - 2 scrolls of remove curse
 i - a scroll of immolation {unknown}
 k - a scroll of enchant armour {unknown}
 o - a scroll of blinking {unknown}
 r - a scroll of teleportation {unknown}
 s - a scroll of magic mapping {unknown}
 u - a scroll of fog {unknown}
 v - 3 scrolls of identify
 y - 2 scrolls of enchant weapon {unknown}
Potions
 d - a potion of brilliance
 f - 3 potions of curing {unknown}
 p - 2 potions of agility {unknown}
 q - a potion of ambrosia {unknown}
 z - a potion of berserk rage {unknown}
Comestibles
 e - 4 rations {!d}
 x - 6 chunks of flesh


   Skills:
 * Level 2.1 Fighting
 * Level 4.1 Dodging
 - Level 1.5 Stealth
 + Level 1.1 Unarmed Combat
 * Level 7.0 Spellcasting
 * Level 5.1 Conjurations
 * Level 2.8 Summonings
   Level 1.1 Translocations
 - Level 2.0 Transmutations
 - Level 2.0 Poison Magic


You had 14 spell levels left.
You knew the following spells:

 Your Spells              Type           Power        Failure   Level  Hunger
a - Magic Dart            Conj           ####         4%          1    None
b - Call Imp              Summ           ####..       9%          2    None
c - Spider Form           Tmut/Pois      ###          19%         3    None

Your spell library contained the following spells:

 Spells                   Type           Power        Failure   Level  Hunger
 Blink                    Tloc           N/A          14%         2    None
 Conjure Flame            Conj/Fire      ####....     16%         3    None
 Mephitic Cloud           Conj/Pois/Air  ###.....     17%         3    None


Dungeon Overview and Level Annotations

Branches:
Dungeon (4/12)
 Temple: D:4-7

Altars:
Kikubaaqudgha
Makhleb
Nemelex Xobeh
Qazlal
Sif Muna

Annotations:
D:4 2 transporters


Innate Abilities, Weirdness & Mutations

Your spells do not cause hunger and MP costs are reduced by 1.
Your bright wings attract enemies. (Stealth-)
You cannot fit into any form of body armour.
((Your shimmering scales are hard and can block incoming attacks. (AC +5, SH +5)))
You are small and have problems with some larger weapons.
((You can fly continuously.))


Message History

Items here: )) [ † a +0 dagger; a +0 robe; a +0 mace; an orc corpse You hit the orc priest but do no damage.
The orc priest is poisoned.
The orc priest closely misses you.
You hit the orc priest.
The orc priest looks more poisoned.
The orc priest is lightly wounded.
The orc priest hits you with a +0 club.
You hit the orc priest.
The orc priest is heavily wounded.
The orc priest mumbles some strange prayers to Beogh against you.
Beogh smites you!
* * * LOW HITPOINT WARNING * * *
You hit the orc priest.
The orc priest looks more poisoned.
The orc priest is severely wounded.
You hit the orc priest but do no damage.
The orc priest looks more poisoned.
The orc priest is almost dead.
The orc priest invokes the aid of Beogh against you.
Beogh smites you!
You die...

..# #...#
#.....#####.#.###.
⌠.#### ##.##
#####.# #.#.....
.....####.# #.#
#.#..##.
..#.......# #.#
#.#..##.
###...#####
#.#####.......
#........#########
#.............
#...>.#..........#
#############.
#....###..######.#
#. #...## ##.# #s#
#. ..(..###..# #o#
#. ...##.#.#.# #.#
#. ....##.##.# #.#
#. ....#####.###
#.. ##########.
###.# #.....# ###
............#
..#.# #.....#
#..#########..
#.#.# #.....#
#.##.......##.
#.#.# #.....#
#.#8..#.#..8#.


You could see an orc priest.

Vanquished Creatures
  Grinder (D:4)
  A sky beast (D:3)
  A centaur (D:4)
  An ogre (D:4)
  A scorpion (D:4)
  A hound (D:4)
  3 orc wizards
  3 worker ants
  Robin (D:3)
  5 adders
  2 oozes (D:2)
  An adder skeleton (D:2)
  3 worms
  6 dart slugs
  4 leopard geckos
  8 orcs
  4 giant cockroaches (D:1)
  15 goblins
  10 hobgoblins
  14 jackals
  3 quokkas
  2 ball pythons
  8 bats
  A frilled lizard (D:1)
  10 kobolds
  4 rats
113 creatures vanquished.

Vanquished Creatures (collateral kills)
  A centaur zombie (D:4)
  A goblin (D:4)
2 creatures vanquished.

Grand Total: 115 creatures vanquished

Notes
Turn   | Place    | Note
-------+----------+-------------------------------------------
     0 | D:1      | Morbidden the Fairy Wizard began the quest for the Orb.
     0 | D:1      | Reached XP level 1. HP: 11/11 MP: 7/7
   189 | D:1      | Reached XP level 2. HP: 17/17 MP: 9/9
   377 | D:1      | Reached XP level 3. HP: 22/22 MP: 11/11
   536 | D:1      | Learned a level 2 spell: Call Imp
   540 | D:1      | Learned a level 3 spell: Spider Form
   595 | D:1      | Reached skill level 5 in Spellcasting
   944 | D:2      | Found an ancient bone altar of Kikubaaqudgha.
   982 | D:2      | Reached XP level 4. HP: 27/27 MP: 13/13
  1520 | D:3      | Reached skill level 1 in Fighting
  1520 | D:3      | Reached skill level 1 in Poison Magic
  1520 | D:3      | Reached XP level 5. HP: 27/33 MP: 14/14
  1708 | D:3      | Noticed Robin
  1715 | D:3      | Killed Robin
  1716 | D:3      | Reached skill level 1 in Transmutations
  1716 | D:3      | Noticed a sky beast
  1739 | D:3      | Killed a sky beast
  1740 | D:3      | Reached XP level 6. HP: 37/38 MP: 13/16
  1910 | D:3      | Reached skill level 6 in Spellcasting
  2176 | D:3      | Found a stormy altar of Qazlal.
  2214 | D:3      | Got a scintillating wooden ring
  2928 | D:4      | Reached XP level 7. HP: 43/43 MP: 18/18
  3226 | D:4      | Noticed Grinder
  3243 | D:4      | Killed Grinder
  3244 | D:4      | Reached skill level 5 in Conjurations
  3546 | D:4      | Found a shimmering blue altar of Sif Muna.
  3549 | D:4      | Noticed a steam dragon
  3555 | D:4      | Found a transporter.
  3566 | D:4      | Found a transporter.
  3652 | D:4      | Found a sparkling altar of Nemelex Xobeh.
  3808 | D:4      | Found a burning altar of Makhleb.
  3815 | D:4      | Reached skill level 1 in Unarmed Combat
  3815 | D:4      | Reached skill level 7 in Spellcasting
  3857 | D:4      | Killed from afar by an orc priest

Skill      XL: |  1  2  3  4  5  6  7 |
---------------+----------------------+-----
Conjurations   | 2 3 4 5 |  5.1
Spellcasting   | 5 6 7 |  7.0
Dodging        | 3 4 |  4.1
Fighting       | 1 2 |  2.1
Poison Magic   | 1 2 |  2.0
Transmutations | 1 2 |  2.0
Summonings     | 2 |  2.8
Unarmed Combat | 1 |  1.1
Stealth        | |  1.5
Translocations | |  1.1

Action                   |  1- 3 |  4- 6 |  7- 9 || total
-------------------------+-------+-------+-------++-------
Melee: Staff             |     1 |       |       ||     1
       Falchion          |       |     5 |       ||     5
       Unarmed           |       |    33 |    68 ||   101
 Cast: Magic Dart        |   107 |   171 |     3 ||   281
       Call Imp          |       |     1 |     7 ||     8
       Spider Form       |       |     1 |       ||     1
  Use: Scroll            |       |     1 |       ||     1
  Eat: Chunk             |       |     6 |     5 ||    11
Armor: Skin              |     7 |     7 |       ||    14
Dodge: Dodged            |    19 |    70 |    59 ||   148
Block: Other             |     4 |    14 |    17 ||    35
